 Dungeon Crawl Stone Soup version 0.22-a0-389-g8519d86 (webtiles) character file.

186 Curus the Changer (level 5, -5/37 HPs)
             Began as a Merfolk Transmuter on Apr 30, 2018.
             Killed from afar by an orc wizard (11 damage)
             ... with a puff of flame
             ... on level 4 of the Dungeon.
             The game lasted 00:11:25 (2961 turns).

Curus the Changer (Merfolk Transmuter)              Turns: 2961, Time: 00:11:25

Health: -5/37      AC:  2    Str: 10    XL:     5   Next: 66%
Magic:  6/8        EV: 21    Int: 14    God:
Gold:   238        SH:  0    Dex: 19    Spells: 4/8 levels left

rFire    . . .     SeeInvis .     - Unarmed
rCold    . . .     Gourm    .   (shield currently unavailable)
rNeg     . . .     Faith    .   (armour currently unavailable)
rPois    x         Spirit   .   (helmet currently unavailable)
rElec    .         Reflect  .   (cloak currently unavailable)
rCorr    .         Harm     .   (gloves currently unavailable)
MR       .....                  (boots currently unavailable)
Stlth    +.........             g - amulet of rage
HPRegen  0.12/turn              (no ring)
MPRegen  0.11/turn              (no ring)

@: confused, spider-form
A: tiny, (change form in water), (swift swim), (stealthy swim)
a: End Transformation, Evoke Berserk Rage


You were on level 4 of the Dungeon.
You were not hungry.
You were a venomous arachnid creature.
You visited 1 branch of the dungeon, and saw 4 of its levels.

You collected 238 gold pieces.

Inventory:

Missiles
 a - 55 arrows
Armour
 b - a +2 robe (melded)
Jewellery
 g - an amulet of rage (around neck)
Scrolls
 e - a scroll of identify
 f - 2 scrolls of teleportation
 h - a scroll of enchant weapon
Potions
 c - 2 potions of curing
 i - a potion of flight
 k - a potion of agility
Comestibles
 d - 7 rations
 j - 2 chunks of flesh


   Skills:
 - Level 1.1 Fighting
 - Level 2.6 Dodging
 - Level 3.2 Unarmed Combat
 - Level 2.0 Spellcasting
 + Level 4.9 Transmutations
 + Level 4.5 Poison Magic


You had 4 spell levels left.
You knew the following spells:

 Your Spells              Type           Power        Failure   Level  Hunger
a - Beastly Appendage     Tmut           ###...       11%         1    ##.....
b - Spider Form           Tmut/Pois      ##........   26%         3    ####...


Dungeon Overview and Level Annotations

Branches:
Dungeon (4/15)
 Temple: D:4-7

Altars:
Qazlal

Annotations:
D:3 Dargar's ghost, amateur DsGl


Message History

You kill the orc!
The orc wizard hits you with a dagger.
* * * LOW HITPOINT WARNING * * *
Things that are here:
a short sword; a ring mail; an orc corpse You barely miss the orc wizard.
The orc wizard completely misses you.
You hit the orc wizard but do no damage.
The orc wizard barely misses you.
You hit the orc wizard.
The orc wizard is poisoned.
The orc wizard is moderately wounded.
The orc wizard barely misses you.
You hit the orc wizard.
The orc wizard looks as sick as possible!
The orc wizard is heavily wounded.
The orc wizard points at you and mumbles some strange words.
You are confused.
You bump into the rock wall.
The orc wizard casts a spell at you. The puff of flame hits you!
You die...

.....###..........#.####†....##
#..............##..........###
............######.........#
........##......##.........#
........###.###.........>..#
........##..# ######.#....##
........##.## #..###...#
........#..# ######.## #.#.#
#######...## #.os...# .#...
..#####.### ##.###### #.# #.
#>......#####..#######.%.
####....##..............#
#..##..........)..[...#
#.>####..###..........# ##..
....# #..........# ###
.##..##..........#
....####o####.


You could see an orc wizard.

Vanquished Creatures
  A hound (D:4)
  A worker ant (D:4)
  4 adders
  3 gnolls (D:3)
  3 dart slugs
  A worm (D:2)
  A leopard gecko (D:4)
  An orc (D:4)
  4 bats
  6 giant cockroaches
  8 hobgoblins
  4 jackals (D:2)
  3 quokkas
  2 ball pythons
  3 frilled lizards (D:1)
  2 goblins
  5 kobolds
  A leopard gecko skeleton (D:4)
  6 rats
59 creatures vanquished.

Notes
Turn   | Place    | Note
-------+----------+-------------------------------------------
     0 | D:1      | Curus the Merfolk Transmuter began the quest for the Orb.
     0 | D:1      | Reached XP level 1. HP: 15/15 MP: 3/3
    83 | D:1      | Reached XP level 2. HP: 14/21 MP: 3/5
   281 | D:1      | Reached XP level 3. HP: 19/26 MP: 4/6
   296 | D:1      | Learned a level 3 spell: Spider Form
   527 | D:2      | Reached skill level 1 in Poison Magic
   823 | D:2      | Reached XP level 4. HP: 27/32 MP: 3/7
  1717 | D:3      | Noticed Dargar's ghost (amateur DsGl)
  2212 | D:3      | Found a stormy altar of Qazlal.
  2541 | D:3      | Reached XP level 5. HP: 34/37 MP: 8/8
  2961 | D:4      | Killed from afar by an orc wizard

Vault maps used:
D:1:      minmay_arrival_jagged
D:3:      overflow_temple_1_default, minivault_19
D:4:      first_ration

Skill      XL: |  1  2  3  4  5 |
---------------+----------------+-----
Transmutations | 3 4 |  4.9
Poison Magic   | 2 3 4 |  4.5
Fighting       | |  1.1
Dodging        | |  2.6
Unarmed Combat | |  3.2
Spellcasting   | |  2.0

Action                   |  1- 3 |  4- 6 || total
-------------------------+-------+-------++-------
Melee: Unarmed           |    90 |   128 ||   218
       Headbutt          |     4 |     5 ||     9
       Punch             |     1 |       ||     1
 Cast: Beastly Appendage |     6 |    10 ||    16
       Spider Form       |     2 |     6 ||     8
  Use: Potion            |     4 |     4 ||     8
       Scroll            |     2 |     4 ||     6
 Stab: Sleeping          |     1 |     1 ||     2
  Eat: Chunk             |       |     5 ||     5
       Ration            |       |     1 ||     1
Armor: Robe              |    12 |    13 ||    25
       Skin              |     1 |     1 ||     2
Dodge: Dodged            |    61 |    81 ||   142

Table legend:
 A = Spawn XP
 B = Non-spawn XP
 C = Spawn XP percentage of total XP
 D = Spawn monster count
 E = Non-spawn monster count
 F = Spawn count percentage of total count
 G = Total turns spent on level
                    A         B        C        D         E        F      G
               +---------+---------+-------+---------+---------+-------+---------
         Total |       0 |     267 |   0.0 |       0 |      59 |   0.0 |  2961
               +---------+---------+-------+---------+---------+-------+---------
           D:1 |       0 |      39 |   0.0 |       0 |      23 |   0.0 |   510
           D:2 |       0 |      72 |   0.0 |       0 |      19 |   0.0 |  1137
           D:3 |       0 |      55 |   0.0 |       0 |       9 |   0.0 |  1086
           D:4 |       0 |     101 |   0.0 |       0 |       8 |   0.0 |   228
               +---------+---------+-------+---------+---------+-------+---------
